 Dungeon Crawl Stone Soup version 0.20.0-10-g0535bb4 (webtiles) character file.

5976 IcyNumb the Spear-Bearer (level 10, -15/83 HPs)
             Began as a Merfolk Gladiator on June 5, 2017.
             Was a High Priest of Okawaru.
             Killed from afar by Harold (34 damage)
             ... with a bolt of fire
             ... on level 11 of the Dungeon.
             The game lasted 00:26:55 (10616 turns).

IcyNumb the Spear-Bearer (Merfolk Gladiator)       Turns: 10616, Time: 00:26:56

Health: -15/83     AC:  9    Str: 14    XL:     10   Next: 84%
Magic:  9/10       EV: 30    Int:  8    God:    Okawaru [*****.]
Gold:   524        SH:  4    Dex: 19    Spells: 9/9 levels left

rFire    . . .     SeeInvis .   i - +3 spear (pierce)
rCold    . . .     Gourm    .   (no shield)
rNeg     . . .     Faith    .   b - +0 leather armour
rPois    +         Spirit   .   c - +0 helmet
rElec    .         Reflect  +   D - +0 cloak
rCorr    .         Harm     .   (no gloves)
MR       .....                  u - +1 pair of boots
Stlth    +++.......             N - +4 amulet of reflection
Regen    0.3/turn               e - ring of poison resistance
MPRegen  0.2/turn               B - +5 ring of evasion

@: heroism
A: change form in water, swift swim, stealthy swim
a: Heroism, Finesse, Renounce Religion


You were on level 11 of the Dungeon.
You worshipped Okawaru.
Okawaru was extremely pleased with you.
You were not hungry.

You visited 1 branch of the dungeon, and saw 11 of its levels.
You also visited: Ossuary.

You collected 524 gold pieces.

Inventory:

Hand Weapons
 i - a +3 spear of piercing (weapon)
Missiles
 d - 2 throwing nets (quivered)
 v - 8 javelins of returning
Armour
 b - a +0 leather armour (worn)
 c - a +0 helmet (worn)
 n - a +1 plate armour of positive energy
 u - a +1 pair of boots (worn)
 D - a +0 cloak (worn)
Jewellery
 e - a ring of poison resistance (left hand)
 o - an uncursed ring of see invisible
 r - a cursed ring of teleportation
 t - a +2 ring of strength
 x - an uncursed ring of wizardry
 B - a +5 ring of evasion (right hand)
 G - a +2 ring of protection
 N - a +4 amulet of reflection (around neck)
Wands
 y - a wand of lightning (6/15)
 A - a wand of random effects (23/48)
 I - a wand of lightning (9/15)
 J - a wand of confusion (24/48)
Scrolls
 h - 2 scrolls of teleportation
 k - 3 scrolls of blinking
 m - 2 scrolls of enchant weapon
 p - 9 scrolls of identify
 q - 3 scrolls of magic mapping
 s - 3 scrolls of remove curse
 K - a scroll of noise {unknown}
 L - a scroll of holy word {unknown}
Potions
 g - a potion of degeneration
 l - 2 potions of flight
 w - 4 potions of curing
 z - 3 potions of resistance
 C - 2 potions of heal wounds
 E - a potion of brilliance
 H - 2 potions of lignification
Books
 F - a book of Callings

   Spells                             Type                      Level
   a - Summon Small Mammal            Summoning                    1
   b - Call Imp                       Summoning                    2
   c - Call Canine Familiar           Summoning                    3
   d - Summon Guardian Golem          Hexes/Summoning              3
   e - Summon Lightning Spire         Summoning/Air                4
   f - Summon Ice Beast               Ice/Summoning                4
Comestibles
 a - 3 royal jellies
 f - 11 bread rations
 j - 7 meat rations
 M - 7 chunks of flesh


   Skills:
 + Level 9.2(14.2) Fighting
 - Level 14.2(19.2) Polearms
 - Level 2.0(7.0) Throwing
 * Level 4.2(9.2) Armour
 - Level 10.3(15.3) Dodging


You had 9 spell levels left.
You didn't know any spells.

Dungeon Overview and Level Annotations

Branches:
Dungeon (11/15)            Temple (0/1) D:6             Orc (0/2) D:9
   Lair: D:8-11

Altars:
Ashenzari
Cheibriados
Dithmenos
Nemelex Xobeh
Okawaru
Ru
Trog
Uskayaw
Vehumet
Xom

Annotations:
D:8 exclusion: statue
D:9 Gastronok
D:11 Harold


Message History

You barely miss Harold.
Harold is moderately wounded.
You puncture Harold!
Harold is heavily wounded.
Harold hits you with a glaive of protection!
* * * LOW HITPOINT WARNING * * *
You hit Harold but do no damage.
Harold is heavily wounded.
You hit Harold but do no damage.
Harold is heavily wounded.
Harold closely misses you.
You hit Harold but do no damage.
Harold is heavily wounded.
You hit Harold.
Harold is heavily wounded.
You hit Harold.
Harold is severely wounded.
Harold points at you and mumbles some strange words.
The bolt of fire hits you!
You die...

. #.........# .
###.####### #. #.####
#.# ### #....##
...#.# ####..# #.#.#
#######'### #...#
#####.........#
#.#####...'.........#
#.'@@...###.........#
#.####### #.........#
...# #.........#
##### #.........#
#.........#
#.........#
###########


You could see Harold.

Vanquished Creatures
  A centaur skeleton (D:10)
  A red devil (D:10)
  A troll (D:10)
  Prince Ribbit (D:9)
  2 hippogriffs
  A spriggan (D:7)
  2 wraiths
  3 yaks
  Duvessa (D:4)
  2 water moccasins
  3 ice beasts
  An orc warrior (D:3)
  2 sky beasts
  A phantom (D:5)
  2 necrophages (D:8)
  A hornet zombie (D:11)
  A centaur (D:8)
  A crocodile (D:9)
  6 bullfrogs
  Dowan (D:4)
  5 scorpions
  6 killer bees (D:9)
  4 wights (Ossuary)
  4 howler monkeys
  3 crimson imps
  A quasit (D:9)
  3 hounds
  2 jellies (D:6)
  4 bullfrog skeletons
  4 orc priests
  3 orc wizards
  2 iguanas
  6 worker ants
  A hound zombie (D:11)
  A hound skeleton (D:5)
  A mummy (D:8)
  2 worker ant zombies
  A howler monkey skeleton (D:6)
  4 gnolls
  14 adders
  A shadow imp (D:9)
  An ooze (D:2)
  2 adder zombies (Ossuary)
  3 adder skeletons
  5 worms
  A dart slug (D:1)
  5 leopard geckos
  24 orcs
  6 bats
  6 giant cockroaches
  14 goblins
  11 hobgoblins
  8 jackals
  6 quokkas
  3 ball pythons
  2 ball python skeletons (Ossuary)
  6 frilled lizards
  2 hobgoblin skeletons (Ossuary)
  2 hobgoblin zombies (Ossuary)
  5 kobolds
  3 rats
221 creatures vanquished.

Notes
Turn   | Place    | Note
-------+----------+-------------------------------------------
     0 | D:1      | IcyNumb the Merfolk Gladiator began the quest for the Orb.
     0 | D:1      | Reached XP level 1. HP: 16/16 MP: 1/1
   403 | D:1      | Reached skill level 5 in Polearms
   403 | D:1      | Reached XP level 2. HP: 23/23 MP: 2/2
   666 | D:1      | Reached XP level 3. HP: 17/28 MP: 3/3
  1427 | D:1      | Reached XP level 4. HP: 34/34 MP: 4/4
  1437 | D:1      | Reached skill level 6 in Polearms
  1499 | D:2      | Reached skill level 5 in Dodging
  1773 | D:2      | Reached XP level 5. HP: 41/41 MP: 5/5
  2175 | D:3      | Noticed an orc warrior
  2332 | D:3      | Reached skill level 7 in Polearms
  2791 | D:3      | Found a shattered altar of Ashenzari.
  3018 | D:3      | Found an iron altar of Okawaru.
  3029 | D:3      | Reached XP level 6. HP: 44/48 MP: 6/6
  3036 | D:3      | Became a worshipper of Warmaster Okawaru
  3179 | D:3      | Killed an orc warrior
  3636 | D:4      | Noticed Duvessa
  3646 | D:4      | Noticed Dowan
  3679 | D:4      | Killed Duvessa
  3679 | D:4      | Reached * piety under Okawaru
  3679 | D:4      | Reached skill level 8 in Polearms
  3679 | D:4      | Reached XP level 7. HP: 54/54 MP: 7/7
  3690 | D:4      | Killed Dowan
  3873 | D:4      | Reached skill level 9 in Polearms
  3919 | D:4      | Found a hide-covered altar of Uskayaw.
  4290 | D:4      | Found a sparkling altar of Nemelex Xobeh.
  4347 | D:5      | Entered Level 5 of the Dungeon
  4468 | D:5      | Found a sand-covered staircase.
  4477 | Ossuary  | Entered an ossuary
  4534 | Ossuary  | Reached ** piety under Okawaru
  4534 | Ossuary  | Reached skill level 5 in Fighting
  4569 | Ossuary  | Reached XP level 8. HP: 62/62 MP: 8/8
  4593 | Ossuary  | Noticed a wraith
  4593 | Ossuary  | Noticed a flying skull
  4599 | Ossuary  | Noticed a flying skull
  4603 | Ossuary  | Noticed a flying skull
  4609 | Ossuary  | Noticed a flying skull
  4634 | Ossuary  | Noticed a wraith
  4676 | Ossuary  | Killed a wraith
  4676 | Ossuary  | Reached skill level 10 in Polearms
  4985 | Ossuary  | Noticed a wraith
  5057 | D:5      | Killed a wraith
  5250 | D:5      | Found a shimmering altar of Xom.
  5356 | D:5      | Found a shadowy altar of Dithmenos.
  5431 | D:5      | Reached skill level 11 in Polearms
  5672 | D:5      | Reached *** piety under Okawaru
  6328 | D:6      | Found a staircase to the Ecumenical Temple.
  6337 | D:6      | Reached XP level 9. HP: 69/69 MP: 9/9
  6459 | D:6      | Reached skill level 12 in Polearms
  7035 | D:7      | Found a bloodstained altar of Trog.
  7069 | D:7      | Reached **** piety under Okawaru
  7451 | D:7      | Reached skill level 13 in Polearms
  7915 | D:8      | Found a snail-covered altar of Cheibriados.
  8052 | D:8      | Found a radiant altar of Vehumet.
  8335 | D:9      | Reached XP level 10. HP: 80/80 MP: 10/10
  8392 | D:9      | Noticed Prince Ribbit
  8449 | D:9      | Noticed Gastronok
  8469 | D:9      | Killed Prince Ribbit
  8469 | D:9      | Reached skill level 14 in Polearms
  8469 | D:9      | Reached skill level 10 in Dodging
  8779 | D:9      | Found a staircase to the Orcish Mines.
  8829 | D:9      | Found a sacrificial altar of Ru.
  9281 | D:9      | Reached skill level 1 in Armour
  9380 | D:10     | Entered Level 10 of the Dungeon
  9435 | D:10     | Reached ***** piety under Okawaru
  9550 | D:10     | Received a gift from Okawaru
  9690 | D:10     | Noticed a two-headed ogre
 10194 | D:10     | Received a gift from Okawaru
 10579 | D:11     | Noticed Harold
 10616 | D:11     | Killed from afar by Harold

Skill      XL: |  1  2  3  4  5  6  7  8  9 10 |
---------------+-------------------------------+-----
Polearms       | 5 6 7 8 9 11 13 14 | 14.2
Dodging        | 5 6 7 8 9 10 | 10.3
Fighting       | 3 4 5 6 7 9 |  9.2
Armour         | 4 |  4.2
Throwing       | |  2.0

Action                   |  1- 3 |  4- 6 |  7- 9 | 10-12 || total
-------------------------+-------+-------+-------+-------++-------
Melee: Trident           |    57 |       |       |       ||    57
       Spear             |    29 |   207 |   460 |   344 ||  1040
       Tailslap          |       |     2 |       |       ||     2
Throw: Throwing net      |       |     4 |       |       ||     4
Invok: Heroism           |       |       |       |     1 ||     1
  Use: Potion            |       |     3 |     2 |       ||     5
       Scroll            |       |       |    15 |     4 ||    19
 Stab: Sleeping          |     3 |     5 |     9 |     5 ||    22
       Held in net/web   |       |     4 |       |       ||     4
       Distracted        |       |       |     1 |       ||     1
  Eat: Chunk             |     2 |     7 |    12 |     8 ||    29
       Royal jelly       |       |       |     1 |       ||     1
Armor: Leather armour    |    13 |    21 |    20 |    16 ||    70
       Skin              |       |     9 |    26 |       ||    35
Dodge: Dodged            |    44 |    80 |   130 |   136 ||   390
